 Dungeon Crawl Stone Soup version 0.23.2-33-g5129a83184 (webtiles) character file.

Game seed: 2972685053998502286

72 Aesthetico the Sneak (level 4, -3/21 HPs)
             Began as a Spriggan Enchanter on July 19, 2019.
             Slain by a hobgoblin
             ... wielding a +0 club
             ... led by Robin
              (5 damage)
             ... on level 3 of the Dungeon.
             The game lasted 00:09:01 (2315 turns).

Aesthetico the Sneak (Spriggan Enchanter)           Turns: 2315, Time: 00:09:02

Health: -3/21      AC:  3    Str:  4    XL:     4   Next: 7%
Magic:  9/9        EV: 22    Int: 17    God:
Gold:   170        SH:  0    Dex: 16    Spells: 5/8 levels left

rFire    . . .     SeeInvis +   a - +1 dagger
rCold    . . .     Gourm    .   (shield restricted)
rNeg     . . .     Faith    .   b - +1 robe
rPois    .         Spirit   .   (helmet restricted)
rElec    .         Reflect  .   (no cloak)
rCorr    .         Harm     .   (gloves unavailable)
MR       .....                  (boots unavailable)
Stlth    ++++......             n - amulet of magic regeneration
HPRegen  0.07/turn              i - +4 ring of evasion
MPRegen  0.36/turn              (no ring)

@: hasted, very quick
A: very small, unfitting armour, see invisible, herbivore, speed 3, slow
metabolism 2
a: no special abilities


You were on level 3 of the Dungeon.
You were hungry.

You visited 1 branch of the dungeon, and saw 3 of its levels.

You collected 170 gold pieces.

Inventory:

Hand Weapons
 a - a +1 dagger (weapon)
Armour
 b - a +1 robe (worn)
Jewellery
 i - a +4 ring of evasion (left hand)
 n - an amulet of magic regeneration (around neck)
Scrolls
 e - a scroll of blinking
 g - 2 scrolls of remove curse
 h - 2 scrolls of teleportation
 l - 3 scrolls of identify
 o - 2 scrolls of amnesia
Potions
 c - a potion of haste
 f - 2 potions of heal wounds {unknown}
 k - 2 potions of flight {unknown}
 m - 2 potions of ambrosia {unknown}
 p - a potion of berserk rage {unknown}
 q - a potion of agility {unknown}
Comestibles
 d - 6 rations


   Skills:
 - Level 1.1 Short Blades
 - Level 3.0 Dodging
 + Level 7.7 Stealth
 - Level 2.6 Spellcasting
 - Level 3.6 Hexes


You had 5 spell levels left.
You knew the following spells:

 Your Spells              Type           Power        Failure   Level  Hunger
a - Corona                Hex            ##.....      4%          1    #......
b - Ensorcelled Hibernat  Hex/Ice        #.....       13%         2    ##.....

Your spell library contained the following spells:

 Spells                   Type           Power        Failure   Level  Hunger
 Confuse                  Hex            ##......     12%         3    ###....
 Tukima's Dance           Hex            ##......     12%         3    ###....
 Dazzling Spray           Conj/Hex       #.....       26%         3    ###....


Dungeon Overview and Level Annotations

Branches:
Dungeon (3/15)

Altars:
Okawaru

Annotations:
D:3 Robin


Innate Abilities, Weirdness & Mutations

You are very small and have problems with some larger weapons.
You are too small for most types of armour.
You have supernaturally acute eyesight. (SInv)
You are a herbivore.
You cover ground extremely quickly.
You need to consume almost no food.


Message History

The hobgoblin misses you.
Robin roars a battlecry!
You see here a cursed -1 club.
Robin throws the goblin at you!
You barely miss the goblin. The hobgoblin hits you with a +0 club.
The goblin closely misses you.
You hit the goblin.
The goblin is moderately wounded.
The hobgoblin completely misses you. The goblin hits you.
* * * LOW HITPOINT WARNING * * *
You hit the goblin but do no damage.
The goblin is moderately wounded.
The goblin completely misses you. The hobgoblin hits you with a +0 club.
* * * LOW HITPOINT WARNING * * *
You hit the goblin.
The goblin is heavily wounded.
The goblin closely misses you. The hobgoblin completely misses you.
It was a potion of haste.
You feel yourself speed up. The goblin misses you.
The hobgoblin hits you with a +0 club.
You die...

....g###....g...........#
#....#
..............#####.....#
###.###
.............g...g.......
.......
........#........########
###.###
........+.......g........
###.###
........#....###g#..#####
#......
.............<##g#..#..
#......
........########g#..#.#
#...... ######### #@####.#
#...... #g# #.# #......
####### #.# #.# #####..
......# #.# #.# #.. ......#
#.####.## #.. ......#
#......)### #.. ......#
#########....# #.# ..#####
#.......#....######.. ..#
#########'####.#........#...


You could see Robin, 2 hobgoblins and 3 goblins.

Vanquished Creatures
  2 adders
  A worm (D:3)
  4 bats (D:2)
  2 giant cockroaches
  18 goblins
  7 hobgoblins
  2 jackals (D:2)
  2 quokkas
  A frilled lizard (D:2)
  4 kobolds
  2 rats
45 creatures vanquished.

Notes
Turn   | Place    | Note
-------+----------+-------------------------------------------
     0 | D:1      | Aesthetico the Spriggan Enchanter began the quest for the
                  | Orb.
     0 | D:1      | Reached XP level 1. HP: 9/9 MP: 5/5
   144 | D:1      | Reached skill level 5 in Stealth
   205 | D:1      | You fall through a shaft!
   214 | D:2      | Reached XP level 2. HP: 10/13 MP: 6/6
   351 | D:2      | Found an iron altar of Okawaru.
   356 | D:2      | Found a faded altar of an unknown god.
   830 | D:2      | Learned a level 2 spell: Ensorcelled Hibernation
   911 | D:2      | Reached skill level 6 in Stealth
  1076 | D:2      | Reached XP level 3. HP: 16/16 MP: 8/8
  1596 | D:3      | Reached skill level 7 in Stealth
  2048 | D:3      | Noticed Robin
  2278 | D:3      | Reached XP level 4. HP: 18/21 MP: 6/9
  2315 | D:3      | Slain by a hobgoblin

Skill      XL: |  1  2  3 |
---------------+----------+-----
Stealth        | 5 6 7 |  7.7
Short Blades   | |  1.1
Dodging        | |  3.0
Spellcasting   | |  2.6
Hexes          | |  3.6

Action                   |  1- 3 |  4- 6 || total
-------------------------+-------+-------++-------
Melee: Dagger            |   181 |    14 ||   195
 Cast: Ensorcelled Hiber |    17 |       ||    17
  Use: Scroll            |     5 |       ||     5
       Potion            |       |     1 ||     1
 Stab: Sleeping          |    19 |       ||    19
       Distracted        |     1 |       ||     1
Armor: Robe              |    13 |     2 ||    15
Dodge: Dodged            |   140 |    12 ||   152
